 Dungeon Crawl Stone Soup version 0.32-a0-818-gb728d0252e (webtiles) character file.

Game seed: 5820461119426679842

1584041 Mesmaeker13 the Executioner (level 27, 242/242 HPs)
             Began as a Mountain Dwarf Cinder Acolyte on Mar 20, 2024.
             Was the Champion of Qazlal.
             Escaped with the Orb
             ... and 3 runes on Mar 24, 2024!
             The game lasted 05:56:50 (82232 turns).

Mesmaeker13 the Executioner (MDCA)                 Turns: 82232, Time: 05:56:51

Health: 242/242    AC: 46    Str: 26    XL:     27
Magic:  39/39      EV: 14    Int: 26    God:    Qazlal [******]
Gold:   4032       SH: 32    Dex: 14    Spells: 30/51 levels left

rFire   + + .        l - +5 broad axe (heavy)
rCold   + + +        k - +1 tower shield {AC+3}
rNeg    + + .        Q - +12 gold dragon scales
rPois   +            e - +0 mask of the Dragon {Will+ Slay+3 SInv}
rElec   +            j - scarf {rC+ rF+}
rCorr   .            H - +2 pair of gloves {Dex+3}
SInv    +            p - +2 pair of boots of the Witching Gods {rN++}
Will    +++++        C - amulet of regeneration Stlth
                     W - ring "Wihyiv" {^Drain rElec rC+ Int+5 Slay+6}
HPRegen 2.20/turn    u - ring of Vewoh {Will++ EV+5 Int+5 Stlth-}
MPRegen 0.26/turn

%: repel missiles
@: enlightened, flying, studying Staves
A: runic magic, artefact enchanting, large bone plates 1, agile 1, cold
resistance 1, frail 1, regeneration 1, sturdy frame 1, persistent drain
0: Orb of Zot
}: 3/15 runes: barnacled, silver, gossamer
a: Renounce Religion, Upheaval, Elemental Force, Disaster Area


You escaped.
You worshipped Qazlal.
Qazlal was exalted by your worship.
You visited 11 branches of the dungeon, and saw 51 of its levels.
You visited the Abyss 2 times.
You also visited: Sewer and Wizlab.

You collected 8063 gold pieces.
You spent 4031 gold pieces at shops.

Inventory:

Hand Weapons
 c - a +3 broad axe of flaming
 l - a +5 heavy broad axe (weapon)
Missiles
 b - 6 throwing nets (quivered)
 L - 6 curare-tipped darts
Armour
 e - the +0 mask of the Dragon (worn) {Will+ Slay+3 SInv}
   (You found it on level 3 of the Elven Halls)

   Slay+3:    It affects your accuracy & damage with ranged weapons and melee
   (+3).
   Will+:     It increases your willpower.
   SInv:      It lets you see invisible.
 j - a scarf of resistance (worn)
 k - a +1 tower shield of protection (worn)
 p - the +2 pair of boots of the Witching Gods (worn) {rN++}
   (You found it on level 9 of the Dungeon)

   rN++:      It greatly protects you from negative energy.
 H - a +2 pair of gloves of dexterity (worn)
 Q - +12 gold dragon scales (worn)
Jewellery
 o - an amulet of the acrobat
 u - the ring of Vewoh (right hand) {Will++ EV+5 Int+5 Stlth-}
   (You acquired it on level 5 of the Lair of Beasts)

   [ring of evasion]

   EV+5:      It affects your evasion (+5).
   Int+5:     It affects your intelligence (+5).
   Will++:    It greatly increases your willpower.
   Stlth-:    It makes you less stealthy.
 C - an amulet of regeneration (around neck)
 J - a ring of resist corrosion
 T - a ring of flight
 W - the ring "Wihyiv" (left hand) {^Drain rElec rC+ Int+5 Slay+6}
   (You found it on level 2 of the Crypt)

   [ring of protection from cold]

   Int+5:     It affects your intelligence (+5).
   Slay+6:    It affects your accuracy & damage with ranged weapons and melee
   (+6).
   rC+:       It protects you from cold.
   rElec:     It insulates you from electricity.
   ^Drain:    It drains your maximum health when unequipped.
Wands
 f - a wand of warping (29)
 R - a wand of digging (35)
 Y - a wand of light (10)
Scrolls
 d - 2 scrolls of butterflies
 g - 4 scrolls of revelation
 t - 4 scrolls of amnesia
 w - 2 scrolls of vulnerability
 y - a scroll of brand weapon
 A - 7 scrolls of fog
 B - 3 scrolls of silence
 D - 11 scrolls of teleportation
 G - 24 scrolls of identify
 K - 2 scrolls of immolation
 N - a scroll of torment
 X - 5 scrolls of fear
 Z - a scroll of blinking
Potions
 h - 3 potions of might
 i - 2 potions of invisibility
 n - 9 potions of brilliance
 q - 4 potions of ambrosia
 s - 5 potions of enlightenment
 z - 8 potions of curing
 E - 2 potions of haste
 F - 6 potions of magic
 I - 9 potions of mutation
 M - 6 potions of resistance
 O - 8 potions of berserk rage
 U - 4 potions of cancellation
Miscellaneous
 a - a phantom mirror


   Skills:
 + Level 26.2 Fighting
 + Level 26.5 Axes
 - Level 0.6 Throwing
 - Level 20.6 Armour
 - Level 10.7 Dodging
 - Level 0.8 Stealth
 + Level 16.7 Shields
 - Level 12.5 Spellcasting
 - Level 15.6 Summonings
 - Level 17.0 Necromancy
 - Level 11.1 Fire Magic
 - Level 13.3 Invocations
 - Level 8.3 Evocations


You had 30 spell levels left.
You knew the following spells:

 Your Spells              Type           Power      Damage    Failure   Level
a - Fugue of the Fallen   Necr           81%        N/A       1%          3
b - Summon Blazeheart Go  Fire/Summ      72%        N/A       1%          4
d - Martyr's Knell        Necr/Summ      79%        N/A       1%          4
e - Dispel Undead         Necr           81%        3d26      1%          4
f - Death Channel         Necr           40%        N/A       1%          6

Your spell library contained the following spells:

 Spells                   Type           Power      Damage    Failure   Level
 Necrotise                Necr           100%       1d9       0%          1
 Foxfire                  Conj/Fire      100%       2x1d9     1%          1
 Kiss of Death            Conj/Necr      100%       2d13      1%          1
 Summon Small Mammal      Summ           100%       N/A       1%          1
 Cigotuvi's Dreadful Rot  Necr/Alch/Air  90%        N/A       1%          2
 Scorch                   Fire           100%       2d9       1%          2
 Sublimation of Blood     Necr           81%        N/A       1%          2
 Call Canine Familiar     Summ           78%        N/A       1%          3
 Summon Ice Beast         Ice/Summ       54%        N/A       1%          3
 Vampiric Draining        Necr           81%        2d11      1%          3
 Animate Dead             Necr           81%        N/A       1%          4
 Curse of Agony           Necr           81%        N/A       1%          5
 Volatile Blastmotes      Fire/Tloc      90%        2d17      3%          3
 Anguish                  Hex/Necr       28%        N/A       3%          4
 Animate Armour           Summ/Erth      100%       N/A       4%          4
 Summon Lightning Spire   Summ/Air       54%        N/A       4%          4
 Borgnjor's Vile Clutch   Necr/Erth      28%        N/A       11%         5
 Apportation              Tloc           32%        N/A       12%         1
 Shock                    Conj/Air       64%        1d7       12%         1
 Flame Wave               Conj/Fire      45%        2d12      12%         4
 Ignite Poison            Fire/Alch      45%        N/A       12%         4
 Haunt                    Necr/Summ      39%        N/A       13%         7
 Summon Forest            Summ/Tloc      27%        N/A       14%         5
 Summon Mana Viper        Hex/Summ       54%        N/A       14%         5
 Monstrous Menagerie      Summ           39%        N/A       17%         7
 Summon Hydra             Summ           39%        N/A       17%         7
 Blink                    Tloc           32%        N/A       19%         2
 Jinxbite                 Hex            32%        N/A       19%         2
 Lesser Beckoning         Tloc           32%        N/A       19%         2
 Mercury Vapours          Alch/Air       32%        N/A       19%         2
 Momentum Strike          Conj/Tloc      32%        3d8       19%         2
 Static Discharge         Conj/Air       32%        3-5/arc   19%         2
 Confusing Touch          Hex            16%        N/A       36%         3
 Dazzling Flash           Conj/Hex       32%        N/A       36%         3
 Ozocubu's Armour         Ice            16%        N/A       36%         3
 Passwall                 Erth           16%        N/A       36%         3
 Sigil of Binding         Hex            16%        N/A       36%         3
 Stone Arrow              Conj/Erth      32%        3d9       36%         3
 Swiftness                Air            16%        N/A       36%         3
 Tukima's Dance           Hex            16%        N/A       36%         3
 Borgnjor's Revivificati  Necr           40%        N/A       58%         8
 Infestation              Necr           40%        N/A       58%         8
 Airstrike                Air            8%         2d(2-18)  77%         4
 Dimensional Bullseye     Hex/Tloc       8%         N/A       77%         4
 Manifold Assault         Tloc           16%        N/A       77%         4
 Olgreb's Toxic Radiance  Alch           16%        N/A       77%         4
 Passage of Golubria      Tloc           16%        N/A       77%         4
 Petrify                  Alch/Erth      16%        N/A       77%         4
 Vhi's Electric Charge    Tloc/Air       32%        N/A       77%         4
 Plasma Beam              Fire/Air       22%        2x1d34    88%         6
 Starburst                Conj/Fire      22%        6d8       88%         6
 Alistair's Intoxication  Alch           10%        N/A       98%         5
 Arcjolt                  Conj/Air       8%         1d18      98%         5
 Freezing Cloud           Conj/Ice/Air   8%         6-21      98%         5
 Irradiate                Conj/Alch      8%         3d14      98%         5
 Iskenderun's Battlesphe  Conj           16%        2d7       98%         5
 Lee's Rapid Deconstruct  Erth           8%         3d7*      98%         5
 Silence                  Hex/Air        8%         N/A       98%         5
 Yara's Violent Unravell  Hex/Alch       8%         3d5       98%         5
 Spellforged Servitor     Conj/Summ      27%        N/A       99%         7
 Bombard                  Conj/Erth      8%         9d2       100%        6
 Dispersal                Tloc           8%         N/A       100%        6
 Eringya's Noxious Bog    Alch           8%         4d6       100%        6
 Orb of Destruction       Conj           8%         9d6       100%        7
 Ozocubu's Refrigeration  Ice            8%         4d9       100%        7
 Discord                  Hex            8%         N/A       100%        8
 Disjunction              Tloc           8%         N/A       100%        8
 Lehudib's Crystal Spear  Conj/Erth      8%         10d3      100%        8
 Maxwell's Capacitive Co  Air            8%         ∞         100%        8
 Death's Door             Necr           40%        N/A       100%        9
 Fire Storm               Conj/Fire      22%        8d6       100%        9


Dungeon Overview and Level Annotations

Branches:
Dungeon (15/15)            Temple (1/1) D:4            Lair (5/5) D:10
 Shoals (4/4) Lair:2       Spider (4/4) Lair:2        Slime (0/5) Lair:4
    Orc (2/2) D:10            Elf (3/3) Orc:2        Vaults (5/5) D:14
  Crypt (3/3) Vaults:3       Tomb (0/3) Crypt:3      Depths (4/4) D:15
    Zot (5/5) Depths:4      Sewer (visited)          WizLab (visited)

Altars:
Ashenzari
Cheibriados
Dithmenos
Elyvilon
Fedhas
Gozag
Hepliaklqana
Kikubaaqudgha
Makhleb
Nemelex Xobeh
Okawaru
Qazlal
Ru
Sif Muna
Trog
Uskayaw
Vehumet
Wu Jian
Xom
Yredelemnul
Zin
The Shining One
Beogh

Shops:
D:2 (   D:11 *   D:12 (   D:13 (   Orc:2 *[*(:   Elf:2 [   Elf:3 *   Shoals:1 (
Vaults:1 (   Vaults:2 [*   Vaults:4 :   Depths:3 (   Depths:4 *

Portals:
Hell: Depths:1 Depths:2 Depths:3 Depths:4
Abyss: Zot:2 Depths:2 Depths:3
Pandemonium: Depths:1 Depths:2
Ziggurat: Depths:3

Annotations:
D:11 2 runed translucent doors, ILmort's ghost, journeyman TrGl
Shoals:1 2 runed translucent doors, Hans's ghost, adept MDFE
Spider:1 1 runed translucent door, Ceutril's ghost, adept DjEE
Spider:4 2 exclusions
Zot:1 exclusion: 4 doors
Zot:2 2 transporters, Urrokkic's ghost, master HuWn


Innate Abilities, Weirdness & Mutations

Your spellcasting is much less encumbered by armour.
You can use scrolls of enchantment on lesser artefacts.
You are partially covered in large bone plates. (SH +4)
You are agile. (Dex +4, Str/Int -1)
Your flesh is cold resistant. (rC+)
You are frail. (-10% HP)
Your natural rate of healing is unusually fast.
Your movements are slightly less encumbered by armour. (ER -2)
Your health recovers twice as slowly from being drained.


Message History

You climb upwards.
There is a stone staircase leading down here.
Aiming: Dig
Press: ? - help, Shift-Dir - straight line A rock wall.
This square is covered in magical glow.
The rock shatters into small pieces.
There is a stone staircase leading up here.
You climb upwards.
There is a stone staircase leading down here.
A smoke demon comes into view.
An Ice Fiend comes into view.
There is a white marble altar of Elyvilon here.
The smoke demon gestures at you. Something smites you!
There is an escape hatch in the ceiling here.
HP restored.
A mysterious force pulls you upwards. The hatch slams shut behind you.
There is a stone staircase leading up here.
You climb upwards.
There is a stone staircase leading down here.
Aiming: Dig
Press: ? - help, Shift-Dir - straight line A rock wall.
This square is covered in magical glow.
The rock shatters into small pieces.
Aiming: Dig
Press: ? - help, Shift-Dir - straight line A rock wall.
This square is covered in magical glow.
The rock shatters into small pieces.
Aiming: Dig
Press: ? - help, Shift-Dir - straight line A rock wall.
This square is covered in magical glow.
The rock shatters into small pieces.
You feel very buoyant.
You fly up into the air.
There is a staircase leading out of the dungeon here.
You have escaped!

#.######.#### ###
#.......########
#####.##.##........#
...##....##.##.###.#
...#........##+###'##
...#.....#..#≈.≈≈§§≈#
...#..#.##..#≈≈.§.≈≈#
...#........#≈≈.(.≈≈###
...#.##.##....≈§@.≈...#
...#.......##≈°..○≈§#.#
........#####§°§≈§§≈#.#
##.####.# #≈.≈≈≈§≈#.# ##.# #.#
##+###+##.# ...####.# #.#
#.#..##### ........# ##.#
#........# ##.####.#####..#
###.####.##
..............######.......####


There were no monsters in sight!

Vanquished Creatures
  A dread lich (Zot:5)
  A pandemonium lord (D:5)
  2 ancient liches
  Mara (Depths:3)
  A juggernaut (Depths:3)
  7 orbs of fire
  3 royal mummies (Crypt:1)
  Xtahua (Vaults:3)
  Sojobo (Depths:1)
  Boris (twice) (Crypt:1 Vaults:5)
  Josephina (Crypt:2)
  2 Killer Klowns (Zot:5)
  2 caustic shrikes (Depths:3)
  5 curse toes
  10 golden dragons
  A bone dragon (Depths:4)
  2 electric golems (Zot:5)
  The ghost of 1Anon the Entrepreneur, an adept GnAl of Gozag (Vaults:2)
  An Ice Fiend (D:15)
  8 tentacled monstrosities
  Mlioglotl (Spider:2)
  22 Orb Guardians
  4 titans
  5 quicksilver dragons
  A walking divine tome (Depths:3)
  2 deep elf master archers (Elf:3)
  Asterion (D:15)
  4 liches
  2 deep elf blademasters (Elf:3)
  4 sphinxes
  A tentacled starspawn (Abyss:2)
  A walking frostbound tome (Depths:3)
  9 death cobs
  8 ancient champions
  Aizul (Vaults:1)
  An Executioner (D:15)
  Roxanne (Spider:3)
  7 tengu reavers
  10 storm dragons
  Ilsuiw (Shoals:4)
  3 revenants
  10 shadow dragons
  8 emperor scorpions
  5 draconian knights
  10 fire giants
  10 draconian monks
  8 protean progenitors
  2 iron dragons
  8 draconian scorchers
  8 frost giants
  2 curse skulls (Crypt:3)
  10 deep elf sorcerers
  3 reapers
  A shard shrike simulacrum (Crypt:3)
  7 draconian shifters
  7 ghost moths
  3 deep elf elementalists
  3 balrugs
  3 formless jellyfish
  10 draconian stormcallers
  14 vault wardens
  A juggernaut zombie (Crypt:1)
  8 draconian annihilators
  4 ghouls
  A cacodemon (D:9)
  An angel (D:10)
  24 very ugly things
  3 spriggan defenders
  An orc warlord (Orc:2)
  A demonspawn corrupter (D:9)
  15 ironbound preservers
  15 green draconians
  14 stone giants
  4 ironbound thunderhulks
  2 broodmothers (Spider:1)
  11 vampire knights
  11 deep elf death magi
  11 black draconians
  A mutant beast zombie (WizLab)
  7 deep elf demonologists
  Nessos (Lair:4)
  9 deep elf annihilators
  11 spark wasps
  4 dire elephants (Vaults:4)
  16 white draconians
  14 yellow draconians
  A lorocyproca (Depths:2)
  13 red draconians
  Azrael (Spider:3)
  3 war gargoyles
  10 purple draconians
  4 eidola
  9 fire dragons
  7 merfolk javelineers (Shoals:4)
  13 ettins
  8 very ugly thing zombies
  A quicksilver dragon zombie (Crypt:1)
  12 jiangshi
  A crystal guardian (Vaults:2)
  8 merfolk impalers
  7 entropy weavers
  10 ice dragons
  11 yaktaur captains
  2 deep elf high priests
  8 rakshasas
  4 mummy priests
  A servant of whispers (Elf:2)
  25 vault guards
  6 great orbs of eyes
  4 hydras
  4 spriggan air magi
  Fannar (D:11)
  A sphinx zombie (Vaults:2)
  4 jorogumos
  A peacekeeper (Vaults:2)
  An alligator snapping turtle (Shoals:3)
  13 centaur warriors
  9 radroaches
  2 alligators (Zot:1)
  An ogre mage (D:12)
  An anaconda (Zot:1)
  4 ironbound frosthearts
  An alligator (shapeshifter) (Vaults:5)
  A death knight (Crypt:1)
  5 merfolk aquamancers
  29 dancing weapons
  The ghost of Konar the Skirmisher, a journeyman CoHu of Okawaru (D:9)
  5 death yaks
  9 boulder beetles
  The ghost of tajemnic the Martial Artist, a journeyman DsSh of Okawaru (D:10)
  A two-headed ogre (shapeshifter) (WizLab)
  4 two-headed ogres
  4 demonic crawlers
  7 deep troll earth magi
  A storm dragon zombie (Depths:2)
  5 merfolk avatars
  9 deep troll shamans
  A guardian serpent zombie (Vaults:1)
  2 satyrs (Shoals:4)
  A shock serpent (shapeshifter) (WizLab)
  9 vampire magi
  4 tengu warriors
  3 hell hogs (Depths:1)
  3 orc high priests
  19 deep elf knights
  3 spriggan berserkers
  4 soul eaters
  14 hell knights
  2 sun demons
  A sixfirhy (Depths:1)
  A shadow wraith (Crypt:3)
  10 skysharks
  A spriggan rider (Depths:3)
  27 skeletal warriors
  54 deep trolls
  8 iron trolls
  5 pharaoh ants
  15 sea snakes
  A death drake (shapeshifter) (WizLab)
  A cherub (Zot:4)
  3 glowing orange brains
  An iron giant zombie (Crypt:1)
  A sea snake (shapeshifter) (WizLab)
  A sun moth (Spider:4)
  A glowing orange brain (shapeshifter) (WizLab)
  A storm dragon skeleton (Crypt:3)
  A mana viper (shapeshifter) (WizLab)
  An anaconda zombie (Crypt:1)
  3 arcanists
  17 lindwurms
  4 ogre zombies
  10 orb spiders
  4 deep trolls (shapeshifter)
  5 large abominations (WizLab)
  Pikel (D:10)
  A harpy (shapeshifter) (Elf:3)
  2 spriggan simulacra
  3 bog bodies
  3 thermic dynamos
  2 flayed ghosts
  14 deep elf archers
  34 harpies
  A steelbarb worm (shapeshifter) (WizLab)
  4 tengu zombies
  16 ugly thing zombies
  13 phantasmal warriors
  15 steelbarb worms
  13 ironbound convokers
  A lindwurm (shapeshifter) (WizLab)
  2 shadow dragon zombies (Depths:2)
  8 orc knights
  31 deep elf pyromancers
  A fire giant zombie (Depths:4)
  An oklob plant (D:14)
  9 necromancers
  6 wolf spider zombies (Spider:2)
  25 deep elf zephyrmancers
  2 frost giant zombies
  16 wolf spiders
  42 ugly things
  3 orc sorcerers
  2 moths of wrath (shapeshifter)
  15 fauns
  A salamander (D:15)
  2 stone giant zombies
  11 cyclopes
  3 draconian zombies (Depths:4)
  18 manticores
  A manticore (shapeshifter) (Vaults:2)
  A faun (shapeshifter) (WizLab)
  Maurice (D:7)
  9 slime creatures
  32 moths of wrath
  A formless jellyfish zombie (Vaults:4)
  2 kobold blastminers (Orc:2)
  15 elephants
  A shock serpent zombie (Crypt:1)
  13 meliai
  An elephant (shapeshifter) (WizLab)
  3 eyes of devastation (Zot:5)
  An iron dragon skeleton (Crypt:1)
  11 vault sentinels
  An eye of devastation (shapeshifter) (Depths:3)
  A rust devil (D:15)
  3 naga zombies
  7 water nymphs
  9 black mambas
  11 merfolk sirens
  6 torpor snails
  18 cane toads
  2 dire elephant zombies (Vaults:4)
  A guardian serpent (Lair:5)
  32 human zombies
  An orange demon (Abyss:2)
  7 spriggan zombies
  A hellion (Zot:3)
  A torpor snail (shapeshifter) (WizLab)
  3 smoke demons
  Maggie (D:7)
  A white draconian zombie (Crypt:2)
  An unseen horror zombie (D:10)
  3 rime drakes
  10 yaktaurs
  An alligator snapping turtle skeleton (Crypt:1)
  3 red draconian zombies (Depths:4)
  A freezing wraith (Crypt:1)
  Psyche (D:10)
  2 iron troll zombies
  3 komodo dragons
  4 tengu conjurers
  3 kobold demonologists
  9 guardian mummies
  A pale draconian skeleton (Crypt:2)
  A tormentor (D:5)
  29 merfolk
  A golden dragon simulacrum (Crypt:2)
  12 redback zombies
  A red devil (D:5)
  3 harpy zombies
  A troll (shapeshifter) (Vaults:3)
  A hellwing (Abyss:2)
  8 wind drakes
  5 trolls
  2 tyrant leeches (Lair:5)
  18 blink frogs
  19 tarantellas
  6 glass eyes
  A hydra skeleton (Crypt:1)
  A polar bear (shapeshifter) (Depths:3)
  2 saltlings (Elf:2)
  6 tarantella zombies (Spider:2)
  2 great orb of eyes zombies (Vaults:3)
  2 ice dragon zombies (Depths:2)
  A death drake skeleton (Crypt:2)
  16 hornets
  3 ettin zombies
  A harpy skeleton (Crypt:1)
  7 dream sheep
  10 culicivora zombies (Spider:2)
  6 snapping turtles
  A boulder beetle zombie (Vaults:4)
  A radroach zombie (WizLab)
  Sigmund (D:3)
  A fire giant simulacrum (Vaults:2)
  2 fire dragon zombies
  A black mamba zombie (Crypt:3)
  3 air elementals
  29 jumping spiders
  4 spriggans
  2 centaur simulacra
  3 ushabtiu (Crypt:3)
  An ice dragon skeleton (Crypt:2)
  A shadow (D:12)
  A yak (shapeshifter) (WizLab)
  2 ynoxinuls
  18 culicivoras
  A vampire (D:12)
  15 fire elementals
  A nameless horror (Lair:3)
  13 water elementals
  8 wraiths
  14 wyverns
  A human (shapeshifter) (WizLab)
  64 yaks
  3 orc zombies
  5 vampire mosquitoes (Lair:3)
  8 basilisks
  An iron golem (WizLab)
  2 steam dragons
  3 wargs
  A redback (shapeshifter) (WizLab)
  55 redbacks
  A harpy simulacrum (Crypt:2)
  9 small abominations (WizLab)
  3 acid dragons
  35 deep troll zombies
  A swamp worm (shapeshifter) (D:15)
  4 hell hounds (Spider:3)
  19 water moccasins
  A water nymph skeleton (Crypt:1)
  A two-headed ogre skeleton (Crypt:1)
  An entropy weaver zombie (Vaults:2)
  A black bear (shapeshifter) (D:13)
  3 black bears
  A cane toad skeleton (Crypt:1)
  30 orc warriors
  An elephant zombie (WizLab)
  3 ice beasts
  6 laughing skulls
  A hornet zombie (Depths:3)
  An ogre (Orc:1)
  6 lindwurm zombies
  A manticore zombie (Vaults:2)
  4 boggarts (Vaults:1)
  38 elf zombies
  A torpor snail zombie (WizLab)
  17 wolves
  15 centaurs
  4 phantoms
  4 lemures
  Blork the orc (D:5)
  11 yaktaur zombies
  3 kobold brigands
  A rime drake skeleton (Crypt:2)
  14 bullfrogs
  2 scorpions
  A gnoll sergeant (D:11)
  A human skeleton (Vaults:2)
  A yaktaur skeleton (Crypt:3)
  2 wyvern zombies (D:6)
  2 earth elementals
  A hornet simulacrum (D:14)
  2 water moccasin zombies (D:6)
  9 wights (D:8)
  A polar bear zombie (Depths:3)
  A human simulacrum (Vaults:2)
  9 killer bees
  5 howler monkeys
  8 electric eels
  A bombardier beetle (D:6)
  3 bullfrog zombies (D:6)
  4 centaur zombies
  6 hounds
  2 basilisk zombies
  32 orc priests
  3 jellies
  Ijyb (D:3)
  2 centaur skeletons (D:6)
  A boggart zombie (Vaults:1)
  6 iguanas
  16 orc wizards
  9 hell rats
  3 killer bee zombies (D:6)
  A crocodile zombie (Crypt:3)
  A deep dwarf zombie (Crypt:2)
  An acid dragon skeleton (Crypt:3)
  A howler monkey zombie (D:6)
  11 gnolls
  2 howler monkey skeletons (D:6)
  5 adders
  7 river rats (Sewer)
  A white imp (Abyss:2)
  6 ufetubi
  A lava snake skeleton (Crypt:3)
  4 ribbon worms
  85 orcs
  12 ball pythons
  6 bats
  A bat skeleton (Crypt:1)
  8 endoplasms
  5 giant cockroaches
  10 goblins
  4 hobgoblins
  8 jackals
  18 kobolds
  2 quokkas
  A ball python skeleton (Crypt:3)
  A bombardier beetle zombie (Crypt:3)
  5 frilled lizards
  A kobold zombie (Crypt:2)
  29 rats
  An aspiring flesh (Zot:1)
2606 creatures vanquished.

Vanquished Creatures (collateral kills)
  Bai Suzhen (Depths:2)
  A caustic shrike (Depths:3)
  A golden dragon (Zot:5)
  Arachne (Spider:2)
  A mutant beast (WizLab)
  5 Orb Guardians (Zot:5)
  Jorgrun (Spider:3)
  A tentacled monstrosity (Vaults:5)
  A deep elf blademaster (Elf:1)
  A death cob (Zot:1)
  2 tengu reavers
  4 storm dragons
  A draconian monk (Zot:4)
  4 protean progenitors
  A draconian shifter (Zot:5)
  2 frost giants
  A vault warden (Vaults:5)
  An emperor scorpion (Spider:4)
  A draconian scorcher (Zot:5)
  A ghost moth (Zot:5)
  3 ironbound preservers
  A spriggan defender (Depths:4)
  2 draconian annihilators (Zot:4)
  A draconian stormcaller (Zot:4)
  A formless jellyfish (Vaults:4)
  3 stone giants
  2 very ugly things
  3 ironbound thunderhulks (Vaults:1)
  A deep elf death mage (Elf:3)
  A green draconian (Zot:1)
  5 black draconians
  2 deep elf annihilators (Elf:3)
  2 yellow draconians
  2 purple draconians
  A white draconian (Zot:1)
  2 ettins
  A yaktaur captain (Vaults:5)
  A merfolk impaler (Shoals:4)
  2 great orbs of eyes
  A vault guard (Vaults:5)
  2 ironbound frosthearts
  A rakshasa (Depths:2)
  A spriggan air mage (Depths:4)
  A peacekeeper (Vaults:3)
  A hydra (Lair:5)
  An anaconda (Zot:1)
  A centaur warrior (D:12)
  3 dancing weapons
  A deep troll shaman (Depths:2)
  An orc high priest (Orc:2)
  A deep elf knight (Elf:2)
  A skeletal warrior (D:12)
  An iron troll (Depths:4)
  An arcanist (Vaults:3)
  13 deep trolls
  A glowing orange brain (Vaults:3)
  A deep troll (shapeshifter) (WizLab)
  A steelbarb worm (Zot:1)
  A necromancer (Depths:2)
  A deep elf archer (Elf:3)
  A deep elf zephyrmancer (Elf:1)
  A phantasmal warrior (Vaults:5)
  3 ironbound convokers
  2 large abominations (WizLab)
  2 ugly things
  A deep elf pyromancer (Elf:1)
  A lindwurm (shapeshifter) (WizLab)
  An orc sorcerer (Orc:2)
  A cyclops (D:12)
  A wolf spider (Spider:4)
  A faun (Zot:1)
  3 moths of wrath
  A manticore (Zot:4)
  A black mamba (Lair:5)
  A torpor snail (Lair:5)
  2 vault sentinels
  A gargoyle (D:12)
  A komodo dragon (Lair:5)
  A yaktaur (Vaults:3)
  A tyrant leech (Lair:5)
  A polar bear (Lair:5)
  A tarantella (shapeshifter) (Vaults:5)
  A hornet (Lair:5)
  2 blink frogs (Lair:5)
  A wraith (D:12)
  2 yaks (Lair:5)
  A wyvern (Lair:5)
  A fire elemental (Elf:3)
  2 redbacks
  3 water moccasins
  A black bear (shapeshifter) (WizLab)
  An orc warrior (D:9)
  2 wolves (Lair:4)
  An orc wizard (Orc:1)
  2 orcs
  An endoplasm (Lair:4)
  2 aspiring fleshes (Zot:1)
156 creatures vanquished.

Vanquished Creatures (others)
  An ancient lich (Vaults:5)
  A tengu reaver (Depths:1)
  A draconian shifter (Zot:5)
  A frost giant (Depths:1)
  A lorocyproca (Depths:1)
  5 very ugly thing zombies
  An ironbound frostheart (Vaults:3)
  A sea snake (Shoals:4)
  A spriggan simulacrum (Crypt:2)
  A harpy (Shoals:4)
  2 fire giant zombies
  A manticore (Shoals:4)
  A deep elf pyromancer (Elf:1)
  2 frost giant zombies
  3 spriggan zombies
  A steelbarb worm zombie (WizLab)
  A yaktaur (Vaults:3)
  A tormentor (D:15)
  A great orb of eyes zombie (Vaults:1)
  2 ettin zombies
  7 human zombies
  A naga simulacrum (Crypt:2)
  13 deep troll zombies
  A hornet zombie (Depths:4)
  15 elf zombies
  3 yaktaur zombies
  A warg zombie (Elf:3)
  2 tengu zombies (Depths:2)
  A boggart zombie (Vaults:1)
  An orc (D:10)
  3 orc zombies (Elf:3)
  86 blazeheart cores
  37 foxfires
  2 starspawn tentacles (Abyss:2)
202 creatures vanquished.

Grand Total: 2964 creatures vanquished

Notes
Turn   | Place    | Note
-------+----------+-------------------------------------------
     0 | D:1      | Mesmaeker13 the Mountain Dwarf Cinder Acolyte began the
                  | quest for the Orb.
     0 | D:1      | Reached XP level 1. HP: 19/19 MP: 2/2
   315 | D:1      | Reached XP level 2. HP: 23/26 MP: 3/3
   604 | D:1      | Reached skill level 1 in Armour
   620 | D:1      | Learned a level 2 spell: Scorch
   985 | D:2      | Reached XP level 3. HP: 31/31 MP: 4/4
   985 | D:2      | Found Xycayhe's Antique Weapon Shop.
  1258 | D:2      | Reached XP level 4. HP: 39/40 MP: 5/5
  1408 | D:2      | Found a sacrificial altar of Ru.
  1482 | D:3      | Found a faded altar of an unknown god.
  1598 | D:3      | Found a white marble altar of Elyvilon.
  1643 | D:3      | Identified the +0 ring mail "Xaobloc" {Regen+}
  1768 | D:3      | Found a bloodstained altar of Trog.
  1891 | D:3      | Noticed Sigmund
  1891 | D:3      | Noticed Ijyb
  2055 | D:3      | Killed Sigmund
  2056 | D:3      | Reached skill level 5 in Axes
  2056 | D:3      | Reached XP level 5. HP: 43/46 MP: 3/7
  2056 | D:3      | Reached XP level 6. HP: 49/52 MP: 3/8
  2137 | D:3      | Killed Ijyb
  2547 | D:3      | Found a shimmering blue altar of Sif Muna.
  2788 | D:4      | Found a staircase to the Ecumenical Temple.
  3833 | D:5      | Entered Level 5 of the Dungeon
  3833 | D:5      | Found a shimmering altar of Xom.
  3833 | D:5      | Found a shadowy altar of Dithmenos.
  3984 | D:5      | Reached XP level 7. HP: 58/60 MP: 9/9
  3997 | D:5      | Found an ancient bone altar of Kikubaaqudgha.
  4000 | D:5      | Found a blossoming altar of Fedhas.
  4110 | D:5      | Found a broken altar of Ashenzari.
  4257 | D:5      | Reached skill level 5 in Fire Magic
  4671 | D:5      | Noticed Blork the orc
  4690 | D:5      | Killed Blork the orc
  4691 | D:5      | Reached skill level 5 in Fighting
  4882 | D:2      | Bought an iridescent broad axe for 234 gold pieces
  4882 | D:2      | Identified the +2 broad axe of the Distant Future {protect,
                  | Will++} (You bought it in a shop on level 2 of the Dungeon)
  4993 | D:6      | Reached skill level 5 in Armour
  4997 | D:6      | Reached XP level 8. HP: 52/69 MP: 5/10
  5123 | D:6      | Found a glowing drain.
  5127 | Sewer    | Entered a sewer
  5769 | D:6      | Reached XP level 9. HP: 75/78 MP: 7/11
  5915 | D:6      | Found a snail-covered altar of Cheibriados.
  6269 | D:7      | Noticed Maggie
  6290 | D:7      | Killed Maggie
  6552 | D:7      | Noticed Maurice
  6568 | D:7      | Something stole a ring of resist corrosion
  6577 | D:7      | Killed Maurice
  6990 | D:8      | Reached XP level 10. HP: 86/88 MP: 12/12
  7002 | D:8      | Found a sparkling altar of Nemelex Xobeh.
  7292 | D:8      | Noticed Pikel
  7945 | D:8      | Reached skill level 10 in Axes
  8570 | D:9      | Found a runed translucent gate.
  8571 | D:9      | Found a runed translucent gate.
  8572 | D:9      | Found a runed translucent gate.
  8574 | D:9      | Noticed Konar's ghost (journeyman CoHu)
  8574 | D:9      | Identified the +3 chain mail "Qieniw" {rPois}
  8689 | D:9      | Reached skill level 10 in Fire Magic
  8960 | D:9      | Found a glowing golden altar of the Shining One.
  9040 | D:9      | Found an iron altar of Okawaru.
  9379 | D:9      | Found a roughly hewn altar of Beogh.
  9410 | D:9      | Upgraded the game from 0.32-a0-791-gfc315c9ecd to
                  | 0.32-a0-799-g95e1662365
  9413 | D:10     | Entered Level 10 of the Dungeon
  9737 | D:10     | Found a runed translucent gate.
  9737 | D:10     | Found a runed translucent gate.
  9737 | D:10     | Found a runed translucent gate.
  9737 | D:10     | Noticed tajemnic's ghost (journeyman DsSh)
  9739 | D:10     | Found a basalt altar of Yredelemnul.
  9853 | D:10     | Reached XP level 11. HP: 95/99 MP: 13/13
  9966 | D:10     | Killed Pikel
 10164 | D:10     | Found a staircase to the Lair.
 10213 | D:10     | Found a staircase to the Orcish Mines.
 10265 | D:10     | Noticed a two-headed ogre
 10274 | D:10     | Killed a two-headed ogre
 10275 | D:10     | Reached skill level 10 in Fighting
 10390 | D:10     | Reached skill level 10 in Armour
 10513 | D:10     | Found a glowing silver altar of Zin.
 10622 | D:10     | Noticed Psyche
 10631 | D:10     | Killed Psyche
 10871 | D:10     | Reached skill level 1 in Evocations
 10950 | D:10     | Noticed a death yak
 10966 | D:10     | Killed a death yak
 11179 | D:10     | Found an opulent altar of Gozag.
 11307 | D:10     | Found a hazy altar of Hepliaklqana.
 11513 | D:11     | Found an ornate altar of the Wu Jian Council.
 11543 | D:11     | Identified the +3 scimitar of the Scorching Gnat {flame,
                  | *Noise rN+ Int+4}
 11748 | D:11     | Noticed a skeletal warrior
 11749 | D:11     | Noticed a centaur warrior
 11749 | D:11     | Noticed a lich
 11749 | D:11     | Noticed ILmort's ghost (journeyman TrGl)
 11749 | D:11     | Noticed a necromancer
 11750 | D:11     | Noticed a skeletal warrior
 11750 | D:11     | Noticed a fire giant
 11751 | D:11     | Noticed a skeletal warrior
 11751 | D:11     | Noticed a deep elf annihilator
 11769 | D:11     | Reached skill level 1 in Shields
 12088 | D:11     | Found a runed translucent door.
 12096 | D:11     | Found a runed translucent door.
 12133 | D:11     | Noticed Fannar
 12155 | D:11     | Killed Fannar
 12363 | D:11     | Found Veacra Malu's Assorted Antiques.
 12368 | D:11     | Bought a transparent chain mail for 190 gold pieces
 12368 | D:11     | Identified the +0 chain mail of Weightlessness {rC+} (You
                  | bought it in a shop on level 11 of the Dungeon)
 12583 | D:12     | Reached XP level 12. HP: 44/110 MP: 5/14
 12821 | Lair:1   | Entered Level 1 of the Lair of Beasts
 12918 | Lair:1   | Learned a level 4 spell: Summon Blazeheart Golem
 13114 | Lair:1   | Reached skill level 1 in Summonings
 14003 | Lair:2   | Found a staircase to the Shoals.
 14242 | Lair:2   | Reached skill level 5 in Evocations
 14375 | Lair:2   | Found a hole to the Spider Nest.
 15268 | Lair:3   | Reached skill level 5 in Shields
 16464 | Lair:3   | Reached XP level 13. HP: 106/118 MP: 6/15
 17082 | Lair:4   | Noticed Nessos
 17093 | Lair:4   | Killed Nessos
 17204 | Lair:4   | Reached skill level 5 in Summonings
 17757 | Lair:4   | Found a staircase to the Slime Pits.
 17933 | Lair:5   | Entered Level 5 of the Lair of Beasts
 19447 | Lair:4   | Reached XP level 14. HP: 79/129 MP: 5/16
 20628 | Lair:5   | Identified a scroll of acquirement
 20630 | Lair:5   | Acquired the ring of Vewoh {Will++ EV+5 Int+5 Stlth-}
 20899 | Lair:5   | Reached skill level 15 in Axes
 22116 | D:10     | Killed tajemnic's ghost
 22265 | D:9      | Killed Konar's ghost
 22434 | D:9      | Identified the +2 pair of boots of the Witching Gods {rN++}
 22524 | Orc:1    | Entered Level 1 of the Orcish Mines
 22727 | Orc:2    | Entered Level 2 of the Orcish Mines
 22727 | Orc:2    | Found Lalixib's Overcharged Wands.
 23206 | Orc:2    | Noticed an orc warlord
 23968 | Orc:2    | Killed an orc warlord
 24202 | Orc:2    | Found a staircase to the Elven Halls.
 24954 | Orc:2    | Reached XP level 15. HP: 114/138 MP: 17/21
 25117 | Orc:2    | Found Gapazae's Antique Armour Boutique.
 25118 | Orc:2    | Found Kufuh's Antique Weapon Boutique.
 25120 | Orc:2    | Found Etesie's General Store.
 25120 | Orc:2    | Found Igonn's Book Shop.
 25138 | Orc:2    | Bought a scroll of teleportation for 39 gold pieces
 25148 | Orc:2    | Bought a pair of embroidered gloves for 202 gold pieces
 25245 | Orc:2    | Upgraded the game from 0.32-a0-799-g95e1662365 to
                  | 0.32-a0-814-g0968bab981
 25582 | D:12     | Noticed a fire giant
 25590 | D:12     | Killed a fire giant
 25591 | D:12     | Reached skill level 5 in Spellcasting
 25592 | D:12     | Reached skill level 10 in Shields
 25948 | D:12     | Noticed a fire giant
 25973 | D:12     | Noticed a sphinx
 26239 | D:12     | Found Xuduczee's Weapon Boutique.
 26779 | D:12     | Killed a fire giant
 27361 | D:12     | Killed a sphinx
 27696 | D:13     | Found a shimmering altar of Xom.
 27881 | D:13     | Found Bucis's Weapon Boutique.
 28190 | D:13     | Found a shimmering altar of Xom.
 28191 | D:13     | Found a shimmering altar of Xom.
 28599 | Orc:2    | Bought a scroll of identify for 26 gold pieces
 28605 | Orc:2    | Bought Cerebov's Directory of Flames for 576 gold pieces
 28616 | Orc:2    | Bought a translucent cloak for 256 gold pieces
 28616 | Orc:2    | Identified the +0 cloak of Noughts and Crosses {rC+ Dex+5}
                  | (You bought it in a shop on level 2 of the Orcish Mines)
 28779 | Spider:1 | Entered Level 1 of the Spider Nest
 29001 | Lair:2   | Reached skill level 15 in Fighting
 29262 | Lair:2   | Reached skill level 1 in Dodging
 29427 | Shoals:1 | Entered Level 1 of the Shoals
 29564 | Shoals:1 | Learned a level 4 spell: Summon Lightning Spire
 29802 | Shoals:1 | Found a large runed translucent door.
 29802 | Shoals:1 | Found a large runed translucent door.
 29807 | Shoals:1 | Noticed Hans's ghost (adept MDFE)
 30002 | Shoals:1 | Found Jadaplun's Antique Weapon Shoppe.
 30064 | Shoals:1 | Reached skill level 10 in Summonings
 30159 | Shoals:1 | Reached XP level 16. HP: 120/149 MP: 20/25
 33919 | Shoals:4 | Entered Level 4 of the Shoals
 36088 | Shoals:4 | Reached XP level 17. HP: 155/158 MP: 17/26
 36803 | Temple   | Entered the Ecumenical Temple
 36825 | Temple   | Fell from the grace of Ignis
 36825 | Temple   | Became a worshipper of Qazlal Stormbringer
 37461 | Shoals:4 | Identified the +7 dagger of the Original Sin {venom, Int+4}
 37470 | Shoals:4 | HP: 7/158 [something/ball of steam (31)]
 37766 | Shoals:4 | Reached skill level 5 in Dodging
 38015 | Shoals:4 | Got a barnacled rune of Zot
 38036 | Abyss:2  | Cast into level 2 of the Abyss (merfolk impaler)
 38183 | Shoals:4 | Escaped the Abyss
 38227 | Shoals:4 | Noticed Ilsuiw
 38571 | Shoals:4 | Killed Ilsuiw
 39729 | D:14     | You fall into a shaft and drop 1 floor!
 39729 | D:15     | Entered Level 15 of the Dungeon
 39824 | D:14     | Learned a level 4 spell: Martyr's Knell
 39841 | D:14     | Reached * piety under Qazlal
 39933 | D:14     | Found a gate to the Vaults.
 39949 | D:14     | Reached skill level 1 in Necromancy
 40471 | D:14     | Found a blossoming altar of Fedhas.
 40818 | D:14     | You fall into a shaft and drop 1 floor!
 41694 | D:15     | Found a staircase to the Depths.
 42059 | D:15     | Found a snail-covered altar of Cheibriados.
 42867 | Lair:2   | Reached ** piety under Qazlal
 43144 | Spider:1 | Was forgiven by Ignis
 43311 | Spider:1 | Found a runed translucent door.
 43311 | Spider:1 | Noticed Ceutril's ghost (adept DjEE)
 44089 | Spider:2 | Reached XP level 18. HP: 158/170 MP: 12/27
 44154 | Spider:2 | Reached *** piety under Qazlal
 44413 | Spider:2 | Reached skill level 5 in Necromancy
 44754 | Spider:2 | Noticed Mlioglotl
 44768 | Spider:2 | Killed Mlioglotl
 44796 | Spider:2 | Noticed Arachne
 44987 | Spider:2 | Reached **** piety under Qazlal
 45158 | Spider:2 | Killed Arachne
 45704 | Spider:3 | Noticed Azrael
 45711 | Spider:3 | Reached skill level 1 in Invocations
 45723 | Spider:3 | Killed Azrael
 45747 | Spider:3 | Upgraded the game from 0.32-a0-814-g0968bab981 to
                  | 0.32-a0-818-gb728d0252e
 46060 | Spider:3 | Noticed Jorgrun
 46101 | Spider:3 | Killed Jorgrun
 47054 | Spider:3 | Noticed Roxanne
 47363 | Spider:3 | Killed Roxanne
 47494 | Spider:4 | Entered Level 4 of the Spider Nest
 47825 | Spider:4 | Reached ***** piety under Qazlal
 48059 | Spider:4 | Reached skill level 5 in Invocations
 49269 | Spider:4 | Reached XP level 19. HP: 100/180 MP: 19/28
 49819 | Spider:4 | Got a gossamer rune of Zot
 50208 | Elf:1    | Entered Level 1 of the Elven Halls
 50749 | Elf:1    | You fall into a shaft and drop 1 floor!
 50841 | Elf:2    | Paralysed by an air elemental for 1 turns
 51384 | Elf:1    | Got the Directory of The Trick To Life
 51999 | Elf:1    | Paralysed by an air elemental for 1 turns
 52250 | Elf:1    | Learned a level 4 spell: Animate Dead
 52252 | Elf:2    | Found Behy's Antique Armour Shoppe.
 52291 | Elf:2    | Reached ****** piety under Qazlal
 52296 | Elf:2    | Paralysed by an air elemental for 1 turns
 52352 | Elf:2    | Reached skill level 10 in Necromancy
 52824 | Elf:2    | Found a runed translucent gate.
 52824 | Elf:2    | Found a runed translucent gate.
 52858 | Elf:2    | Found a runed translucent gate.
 52959 | Elf:1    | Reached skill level 10 in Invocations
 54311 | Elf:3    | Entered Level 3 of the Elven Halls
 54376 | Elf:3    | Found Bamur's General Store.
 54431 | Elf:3    | Bought a potion of resistance for 180 gold pieces
 54759 | Elf:3    | Reached XP level 20. HP: 189/189 MP: 23/29
 54987 | Elf:3    | Identified the +1 morningstar of Destiny {flame, Will+
                  | Dex+4}
 55002 | Elf:3    | Reached skill level 10 in Dodging
 55440 | Elf:3    | Identified the +0 dire flail of the Morning {speed, Str+5}
 55447 | Elf:3    | Identified the +1 leather armour of the Lonely Tales {rElec
                  | rPois Str-5 SInv}
 55715 | Elf:3    | Identified the ring of Fizis {Ice Str+4 Int-4}
 55801 | Elf:3    | Found the +0 mask of the Dragon {Will+ Slay+3 SInv}
 55818 | Elf:3    | Got Johub's Omnibus of the Called Arsonist
 55840 | Elf:3    | Identified the +4 longbow of the Thirsty Scars {freeze,
                  | Dex+4}
 55843 | Elf:3    | Got Vehumet's Parchment of Conjuration
 55844 | Elf:3    | Identified the +1 hand axe of Animal Spirits {speed, Str+3
                  | Dex+4}
 55855 | Elf:3    | Identified the +0 trident "Vaobocipni" {spect, rCorr Dex+2}
 56342 | D:11     | Bought a scroll of brand weapon for 190 gold pieces
 56345 | D:11     | Bought a phantom mirror for 800 gold pieces
 56408 | Lair:1   | Learned a level 4 spell: Dispel Undead
 56514 | Orc:2    | Bought a wand of warping (5) for 156 gold pieces
 56516 | Orc:2    | Bought a potion of curing for 39 gold pieces
 56542 | Orc:2    | Bought Great Wizards, Vol. II for 608 gold pieces
 56542 | Orc:2    | Bought a book of Battle for 416 gold pieces
 56630 | Lair:1   | Learned a level 3 spell: Fugue of the Fallen
 56756 | D:13     | Bought a +0 heavy broad axe for 119 gold pieces
 56846 | Depths:1 | Entered Level 1 of the Depths
 57342 | Depths:1 | Noticed Asterion
 57507 | D:15     | Gained mutation: Your health recovers twice as slowly from
                  | being drained. [a cacodemon]
 57508 | D:15     | Gained mutation: You sometimes lose your temper in combat.
                  | [a cacodemon]
 57513 | D:15     | Gained mutation: You are dopey. (Int -2) [a cacodemon]
 57514 | D:15     | Killed Asterion
 57861 | Depths:1 | Found a radiant altar of Vehumet.
 57863 | Depths:1 | Noticed Sojobo
 57903 | Depths:1 | Paralysed by an air elemental for 1 turns
 57907 | Depths:1 | Paralysed by an air elemental for 1 turns
 57969 | Vaults:1 | Entered Level 1 of the Vaults
 58068 | Vaults:1 | Found Gotuzog's Weapon Shoppe.
 58265 | Vaults:1 | Reached XP level 21. HP: 108/199 MP: 28/30
 58559 | Vaults:1 | Identified the serpent talisman "Vywkiedane" {rElec rF+++
                  | Str-2 SInv}
 58559 | Vaults:1 | Noticed Aizul
 58570 | Vaults:1 | Killed Aizul
 58588 | Vaults:1 | Your ally Aizul died
 58948 | Vaults:1 | Paralysed by a formless jellyfish for 1 turns
 58950 | Vaults:1 | Paralysed by a formless jellyfish for 1 turns
 59520 | Vaults:2 | Found a runed translucent gate.
 59520 | Vaults:2 | Found a runed translucent gate.
 59520 | Vaults:2 | Noticed 1Anon's ghost (adept GnAl)
 59521 | Vaults:2 | Found a runed translucent gate.
 59533 | Vaults:2 | Killed 1Anon's ghost
 59572 | Vaults:2 | Found Kooreci's Assorted Antiques.
 59961 | Vaults:2 | Found Xohighom's Armour Boutique.
 60615 | Vaults:3 | Noticed Xtahua
 60911 | Vaults:3 | Found a magical portal.
 60920 | WizLab   | Entered Cigotuvi's Fleshworks
 61060 | WizLab   | Gained mutation: You are clumsy. (Dex -2) [mutagenic glow]
 61175 | WizLab   | Found the +4 Cigotuvi's embrace {Corpsefed rMiasma ^Drain
                  | rN+}
 61362 | WizLab   | Reached skill level 15 in Necromancy
 61395 | WizLab   | Your ally sickly orc zombie died
 61472 | WizLab   | Got Cigotuvi's Disquisition on Composition and Evil
 61871 | Vaults:3 | Killed Xtahua
 61900 | Vaults:3 | Reached XP level 22. HP: 174/211 MP: 31/31
 62018 | Vaults:3 | Found a staircase to the Crypt.
 62160 | Vaults:3 | Identified the staff "Ogrebane" {rElec rN++ rCorr Str+7
                  | Air}
 62207 | Vaults:3 | Identified the +1 spear "Omenias" {drain, rPois MP-9 SInv}
 62770 | Vaults:4 | Found Iwiugog's Book Emporium.
 63734 | Depths:1 | Paralysed by an air elemental for 1 turns
 63745 | Depths:1 | Killed Sojobo
 63750 | Depths:1 | Reached skill level 15 in Armour
 63795 | Depths:1 | Your ally Sojobo died
 63949 | Depths:1 | Found a one-way gate leading to the halls of Pandemonium.
 63991 | Depths:1 | Lost mutation: You are clumsy. (Dex -2) [potion of
                  | mutation]
 63991 | Depths:1 | Lost mutation: Your health recovers twice as slowly from
                  | being drained. [potion of mutation]
 63991 | Depths:1 | Lost mutation: You are dopey. (Int -2) [potion of mutation]
 63991 | Depths:1 | Gained mutation: You are somewhat resistant to further
                  | mutation. [potion of mutation]
 63992 | Depths:1 | Lost mutation: You sometimes lose your temper in combat.
                  | [potion of mutation]
 63992 | Depths:1 | Lost mutation: You are somewhat resistant to further
                  | mutation. [potion of mutation]
 63992 | Depths:1 | Gained mutation: You expend magic power (3 MP) to
                  | strengthen your wands. [potion of mutation]
 63992 | Depths:1 | Gained mutation: Your mind is acute. (Int +4, Str/Dex -1)
                  | [potion of mutation]
 63992 | Depths:1 | Gained mutation: Your magical capacity is low. (-10% MP)
                  | [potion of mutation]
 64213 | Depths:1 | Found a gateway to Hell.
 64237 | Depths:1 | Identified the +3 demon whip of Gluttony {freeze, rPois rN+
                  | Str+3 Dex-2 SInv}
 65156 | Depths:2 | Found a one-way gate to the infinite horrors of the Abyss.
 65176 | Depths:2 | Noticed Bai Suzhen
 65190 | Depths:2 | Killed Bai Suzhen
 65212 | Depths:2 | Reached XP level 23. HP: 221/221 MP: 19/29
 65257 | Depths:2 | Found a shadowy altar of Dithmenos.
 65258 | Depths:2 | Your ally Bai Suzhen died
 65285 | Depths:2 | Identified the +0 shadow dragon scales of Servitude {Regen+
                  | Stlth++++}
 65610 | Depths:2 | Identified the +1 whip of Xuelog {elec, *Slow +Blink Fly
                  | Int+5}
 65882 | Depths:3 | Found a one-way gateway to a ziggurat.
 66020 | Depths:3 | Found Dep Echu's Antique Weapon Boutique.
 66100 | Depths:3 | Noticed Mara
 66109 | Depths:3 | Noticed Mesmaeker13's illusion
 66393 | Depths:3 | Killed Mara
 66746 | Depths:3 | Noticed a caustic shrike
 66761 | Depths:3 | Killed a caustic shrike
 66861 | Depths:3 | Identified the staff of Internal Strife {*Corrode rF+++ rN+
                  | Will++ Int-4 Necro}
 66941 | Depths:3 | Noticed a caustic shrike
 66952 | Depths:3 | Killed a caustic shrike
 66962 | Depths:3 | Identified the +8 executioner's axe "Imiy" {freeze, rElec
                  | Str+3 Dex+3 Stlth+}
 67132 | Depths:3 | Noticed a caustic shrike
 67144 | Depths:3 | Killed a caustic shrike
 67269 | Depths:3 | Noticed a juggernaut
 67290 | Depths:3 | Killed a juggernaut
 67402 | Depths:3 | Identified the +1 war axe of the Histrionic God {drain,
                  | rN++ Will+ Int-5}
 68008 | Depths:4 | Entered Level 4 of the Depths
 68273 | Depths:4 | Found an opulent altar of Gozag.
 68273 | Depths:4 | Found Gozag's Platinum Reserve.
 68822 | Depths:4 | Found a gate to the Realm of Zot.
 69523 | Crypt:1  | Entered Level 1 of the Crypt
 69875 | Crypt:1  | Reached XP level 24. HP: 182/233 MP: 13/31
 70043 | Crypt:1  | Noticed a royal mummy
 70043 | Crypt:1  | Noticed a royal mummy
 70050 | Crypt:1  | Killed a royal mummy
 70124 | Crypt:1  | Killed a royal mummy
 70297 | Crypt:1  | Noticed a royal mummy
 70308 | Crypt:1  | Killed a royal mummy
 70402 | Crypt:1  | Identified the +11 eveningstar "Gaculaed" {pain, +Blink}
 70568 | Crypt:2  | Identified the ring "Idytaum" {Ice rN+ rCorr Str+4 Stlth+}
 70568 | Crypt:2  | Noticed Josephina
 70586 | Crypt:2  | Killed Josephina
 70723 | Crypt:2  | Identified the +3 robe of Shadows and Fog {rElec}
 70723 | Crypt:2  | Noticed Boris
 70803 | Crypt:1  | Killed Boris
 70997 | Crypt:2  | Identified the ring "Wihyiv" {^Drain rElec rC+ Int+5
                  | Slay+6}
 71830 | Crypt:3  | Entered Level 3 of the Crypt
 72085 | Crypt:3  | Paralysed by a vampire knight for 4 turns
 72096 | Crypt:2  | Found an ancient bone altar of Kikubaaqudgha.
 72911 | Crypt:3  | Found a staircase to the Tomb.
 73176 | Crypt:3  | Found a basalt altar of Yredelemnul.
 73271 | Crypt:3  | Found an ancient bone altar of Kikubaaqudgha.
 73350 | Crypt:3  | Got the Excursus on the Graveyard
 73357 | Crypt:3  | Got the Treatise on Gloomy Fate
 73553 | Vaults:4 | Learned a level 6 spell: Death Channel
 73556 | Vaults:5 | Entered Level 5 of the Vaults
 73556 | Vaults:5 | Noticed an ancient lich
 73571 | Vaults:5 | Noticed an ancient lich
 73573 | Vaults:5 | Killed an ancient lich
 73615 | Vaults:5 | Found the necklace of Bloodlust {Fury *Rage Will++ Int-3
                  | Slay+6}
 73970 | Vaults:5 | Reached XP level 25. HP: 172/243 MP: 31/33
 74062 | Vaults:5 | Identified the +6 sling "Ugiefasi" {freeze, Str+2 Int+3
                  | Stlth+}
 74062 | Vaults:5 | Identified the +6 quarterstaff "Obu Hengi" {venom, *Rage
                  | rElec rN+}
 74199 | Vaults:5 | Reached skill level 10 in Spellcasting
 74208 | Vaults:4 | Killed an ancient lich
 74335 | Vaults:5 | Reached skill level 15 in Summonings
 74392 | Vaults:5 | Identified the +3 robe of Lerirph {rC+}
 74392 | Vaults:5 | Noticed Boris
 74402 | Vaults:5 | Killed Boris
 74594 | Vaults:5 | Got a silver rune of Zot
 75724 | Lair:1   | Lost mutation: You expend magic power (3 MP) to strengthen
                  | your wands. [potion of mutation]
 75724 | Lair:1   | Lost mutation: Your magical capacity is low. (-10% MP)
                  | [potion of mutation]
 75724 | Lair:1   | Lost mutation: Your mind is acute. (Int +4, Str/Dex -1)
                  | [potion of mutation]
 75724 | Lair:1   | Gained mutation: You have a pair of small horns on your
                  | head. [potion of mutation]
 75724 | Lair:1   | Gained mutation: You passively map a small area around you.
                  | [potion of mutation]
 75965 | Zot:1    | Entered Level 1 of the Realm of Zot
 77121 | Zot:2    | Found a transporter.
 77123 | Zot:2    | Noticed Urrokkic's ghost (master HuWn)
 77130 | Zot:2    | Noticed a dread lich
 77209 | Zot:2    | Noticed a Killer Klown
 77209 | Zot:2    | Noticed a Killer Klown
 77226 | Zot:2    | Found a transporter.
 77245 | Zot:2    | Noticed a Killer Klown
 77261 | Zot:2    | Reached XP level 26. HP: 195/254 MP: 37/38
 79046 | Zot:4    | Noticed an orb of fire
 79057 | Zot:4    | Gained mutation: Your magical capacity is low. (-10% MP)
                  | [an orb of fire]
 79059 | Zot:4    | Gained mutation: You occasionally lose the ability to drink
                  | potions when taking damage. [an orb of fire]
 79061 | Zot:4    | Killed an orb of fire
 79870 | Zot:5    | Entered Level 5 of the Realm of Zot
 80576 | Zot:5    | Noticed an orb of fire
 80577 | Zot:5    | Noticed an orb of fire
 80582 | Zot:5    | Gained mutation: Armour fits poorly on your strangely
                  | shaped body. [an orb of fire]
 80586 | Zot:5    | Gained mutation: Your body sometimes deteriorates upon
                  | taking damage. [an orb of fire]
 80587 | Zot:5    | Killed an orb of fire
 80588 | Zot:5    | Reached skill level 15 in Shields
 80593 | Zot:5    | Gained mutation: You occasionally lose the ability to read
                  | scrolls when taking damage. [an orb of fire]
 80597 | Zot:5    | Gained mutation: You are dopey. (Int -2) [an orb of fire]
 80598 | Zot:5    | Killed an orb of fire
 80702 | Zot:5    | Lost mutation: You occasionally lose the ability to drink
                  | potions when taking damage. [potion of mutation]
 80702 | Zot:5    | Lost mutation: Your magical capacity is low. (-10% MP)
                  | [potion of mutation]
 80702 | Zot:5    | Lost mutation: You have a pair of small horns on your head.
                  | [potion of mutation]
 80702 | Zot:5    | Gained mutation: You are partially covered in large bone
                  | plates. (SH +4) [potion of mutation]
 80702 | Zot:5    | Gained mutation: You are partially covered in iridescent
                  | scales. (AC +2) [potion of mutation]
 80703 | Zot:5    | Lost mutation: You are partially covered in iridescent
                  | scales. (AC +2) [potion of mutation]
 80703 | Zot:5    | Lost mutation: You are dopey. (Int -2) [potion of mutation]
 80703 | Zot:5    | Lost mutation: You occasionally lose the ability to read
                  | scrolls when taking damage. [potion of mutation]
 80703 | Zot:5    | Gained mutation: Your natural rate of healing is unusually
                  | fast. [potion of mutation]
 80703 | Zot:5    | Gained mutation: You have hidden genetic defects. [potion
                  | of mutation]
 80703 | Zot:5    | Gained mutation: You have a pair of small horns on your
                  | head. [potion of mutation]
 80704 | Zot:5    | Lost mutation: Your body sometimes deteriorates upon taking
                  | damage. [potion of mutation]
 80704 | Zot:5    | Lost mutation: You have hidden genetic defects. [potion of
                  | mutation]
 80704 | Zot:5    | Gained mutation: You are agile. (Dex +4, Str/Int -1)
                  | [potion of mutation]
 80704 | Zot:5    | Lost mutation: Armour fits poorly on your strangely shaped
                  | body. [potion of mutation]
 80704 | Zot:5    | Gained mutation: Your mind is acute. (Int +4, Str/Dex -1)
                  | [potion of mutation]
 80704 | Zot:5    | Gained mutation: Your movements are slightly less
                  | encumbered by armour. (ER -2) [potion of mutation]
 80713 | Zot:5    | Gained mutation: You sometimes lose your temper in combat.
                  | [mutagenic glow]
 80753 | Zot:5    | Noticed an orb of fire
 80755 | Zot:5    | Gained mutation: You expend magic power (3 MP) to
                  | strengthen your wands. [an orb of fire]
 80762 | Zot:5    | Reached XP level 27. HP: 191/266 MP: 35/39
 80762 | Zot:5    | Gained mutation: You are frail. (-10% HP) [an orb of fire]
 80763 | Zot:5    | Killed an orb of fire
 80801 | Zot:5    | Noticed an orb of fire
 80802 | Zot:5    | Gained mutation: You occasionally shout uncontrollably at
                  | your foes. [an orb of fire]
 80804 | Zot:5    | Gained mutation: Your health recovers twice as slowly from
                  | being drained. [an orb of fire]
 80814 | Zot:5    | Killed an orb of fire
 81003 | Zot:5    | Noticed an ancient lich
 81013 | Zot:5    | Killed an ancient lich
 81093 | Zot:5    | Noticed a dread lich
 81099 | Zot:5    | Noticed an orb of fire
 81105 | Zot:5    | Gained mutation: Your body sometimes deteriorates upon
                  | taking damage. [an orb of fire]
 81106 | Zot:5    | Killed an orb of fire
 81109 | Zot:5    | Killed a dread lich
 81157 | Zot:5    | Noticed an orb of fire
 81158 | Zot:5    | Gained mutation: You are very agile. (Dex +8, Str/Int -2)
                  | [an orb of fire]
 81167 | Zot:5    | Killed an orb of fire
 81504 | Zot:5    | Lost mutation: Your body sometimes deteriorates upon taking
                  | damage. [potion of mutation]
 81504 | Zot:5    | Lost mutation: You expend magic power (3 MP) to strengthen
                  | your wands. [potion of mutation]
 81504 | Zot:5    | Lost mutation: You have a pair of small horns on your head.
                  | [potion of mutation]
 81505 | Zot:5    | Lost mutation: You occasionally shout uncontrollably at
                  | your foes. [potion of mutation]
 81505 | Zot:5    | Lost mutation: You sometimes lose your temper in combat.
                  | [potion of mutation]
 81505 | Zot:5    | Lost mutation: You passively map a small area around you.
                  | [potion of mutation]
 81505 | Zot:5    | Gained mutation: You sometimes lose your temper in combat.
                  | [potion of mutation]
 81506 | Zot:5    | Lost mutation: You are very agile. (Dex +8, Str/Int -2)
                  | [potion of mutation]
 81506 | Zot:5    | Lost mutation: Your mind is acute. (Int +4, Str/Dex -1)
                  | [potion of mutation]
 81506 | Zot:5    | Lost mutation: You sometimes lose your temper in combat.
                  | [potion of mutation]
 81506 | Zot:5    | Gained mutation: Your flesh is cold resistant. (rC+)
                  | [potion of mutation]
 81511 | Zot:5    | Got the Orb of Zot
 81777 | D:15     | Noticed Boikel the pandemonium lord
 81947 | D:11     | Noticed a seraph
 82000 | Abyss:2  | Cast into level 2 of the Abyss (demonspawn corrupter)
 82029 | D:9      | Escaped the Abyss
 82115 | D:5      | Noticed Vopu the pandemonium lord
 82127 | D:5      | Killed Vopu the pandemonium lord
 82232 | D:$      | Escaped with the Orb!

Illustrated notes

Levels and vault maps discovered:
D:1:      ncdulo_lavacross, layout_loops_cross
D:2:      layout_rooms, serial_shops, shop, basic_altar
D:3:      kennysheep_the_goblin_king, layout_basic, lemuel_doored_altar,
          mainiacjoe_overflow_brackets, mainiacjoe_overflow_tiny_flanked,
          nicolae_ecumenical_pavilion, uniq_sigmund
D:4:      layout_basic, minmay_temple_entry_offerings
D:5:      layout_basic, grunt_temple_overflow_growth_and_decay,
          mainiacjoe_overflow_six_doors_small,
          chequers_temple_overflow_statue_of_worship, uniq_blork_the_orc
D:6:      layout_rooms, mainiacjoe_overflow_alcove_2, gup_sewer_entry_bowl,
          serial_undead, serial_undead_d, serial_undead_c, serial_undead_c,
          serial_undead_f, serial_undead_d, nicolae_fountain_basement
D:7:      layout_rooms, uniq_maggie, uniq_maurice
D:8:      layout_gridville, nemelex_diamond_rough_becter, uniq_pikel
D:9:      layout_gridville, nicolae_tso_carved_into_rock,
          okawaru_metal_pillars_1_2, biasface_ghost_orc_armoury,
          kennysheep_generic_room_13
D:10:     argonaut_augean_stables, layout_basic,
          pdpol_temple_overflow_zin_treasury_gozag_greed,
          nicolae_yredelemnul_ghost_church, general_overflow_altar,
          erik_lair_island, orc_0_dummy, uniq_psyche
D:11:     layout_long_grid, muffindrake_ghost_dual_entry, serial_shops,
          kennysheep_mini, nicolae_wu_jian_wuxing_cycle, uniq_fannar
D:12:     nicolae_fronds_of_death, layout_irregular_city, serial_shops, shop
D:13:     layout_long_grid, serial_shops, nicolae_shop_real_fake_doors,
          st_stairs_10, chequers_mini_garden, xom_shifter_show
D:14:     layout_cave_pools, hellmonk_vaults_order_and_chaos,
          minmay_staircase_windowed_small, serial_column_ruins,
          column_ruins_square_medium, column_ruins_square_medium,
          column_ruins_columns_corner, column_ruins_open_small,
          column_ruins_open_small, column_ruins_columns_straight,
          column_ruins_columns_straight, tgw_fedhas
D:15:     hangedman_depths_entry_try_elsewhere_first, layout_layer_cave,
          roderic_lattice_a, corner_web_ring, cheibrodos_worm_habitat
Temple:   nicolae_temple_bog_church
Lair:1:   layout_concentric_octagons, grunt_megastairs_1, serial_bayou_shore_a
Lair:2:   layout_chaotic_city, minmay_shoals_entry_centaurs,
          hellmonk_spider_entry_not_the_bees
Lair:3:   layout_gridlike, roderic_carrion_pond, grunt_megastairs_2
Lair:4:   layout_long_grid, slime_entry_2, uniq_nessos
Lair:5:   wormcave, layout_gridlike, hangedman_lair_tendril_chambers
Shoals:1: layout_shoals, serial_shops, shop, ebering_ghost_disaster_area
Shoals:2: layout_shoals
Shoals:3: layout_shoals
Shoals:4: shoals_end_simple, layout_shoals, shoals_ilsuiw_alternative
Spider:1: layout_spider_delve, portal_ice_cave_entry_pillars_three,
          ebering_ghost_reflecting_pool, nicolae_spider_bug_shape
Spider:2: lemuel_spider_zombies, hellmonk_deceptive_appearances, uniq_arachne,
          uniq_mlioglotl
Spider:3: layout_spider_delve, uniq_jorgrun, uniq_roxanne, uniq_azrael
Spider:4: grunt_spider_rune_circles
Orc:1:    layout_diamond_mine
Orc:2:    st_orc_congregation, layout_caves, nicolae_orc_flooded_monolith,
          nicolae_shop_overcharged_wands
Elf:1:    eino_elf_arrival_sip, layout_geoelf_octagon,
          minmay_elf_crystal_heptagon, serial_sigils_hangedman_snap,
          hellmonk_elf_help
Elf:2:    nicolae_elf_blades_splatter_lattice
          [nicolae_blade_entry_crossed_weapons], layout_gridlike, serial_shops,
          nicolae_stop_n_shop_1, portal_desolation_entry_salt
Elf:3:    elf_hall, layout_gridlike, serial_shops, nicolae_shop_tiny_waterfront
Vaults:1: nicolae_vaults_stairing_the_circle, hangedman_vaults_maws,
          nicolae_vaults_circle_grid_b, ontoclasm_vaults_spin,
          nicolae_vaults_closet_pinwheel_2, nicolae_vaults_storage_room_statues,
          vaults_mumra_chevron, vaults_dpeg_encased_lava,
          nicolae_vaults_trapezoid_4, nicolae_vaults_closet_pinwheel_4,
          hangedman_vaults_trim, ontoclasm_vaults_twist, layout_vaults_big_room,
          serial_shops, nicolae_shop_advertising_works
          [nicolae_subvault_shop_adworks], uniq_aizul
Vaults:2: ebering_ghost_rock_garden, hangedman_vaults_corner_blocks,
          vaults_room_door_hall, lightli_orcish_oven,
          nicolae_vaults_enemy_cabinets, ontoclasm_vaults_loading_screen,
          layout_vaults_quadrants, serial_shops, nicolae_shop_stone,
          nicolae_shop_pleasant_corner_grove
Vaults:3: mu_enter_wizlab_4, nicolae_vaults_house_3,
          grunt_vaults_funneled_arena, nicolae_vaults_shelves_hall, v_rooms_6,
          ontoclasm_vaults_idyll, nicolae_vaults_double_plus_2,
          grunt_vaults_hallway_long, ontoclasm_vaults_decontamination,
          hangedman_vaults_corner_blocks, v_misc_23, layout_vaults_maze,
          minmay_crypt_entry_simple_statues, uniq_xtahua
Vaults:4: nicolae_vaults_little_squares_1, nicolae_vaults_triangles,
          ontoclasm_vaults_pinch, hangedman_vaults_capsules,
          nicolae_vaults_offset_grid_hallway_3, hangedman_vaults_corner_blocks,
          hangedman_vaults_cutoff, v_rooms_4, v_misc_18,
          nicolae_vaults_sesquioval_fish, nicolae_vaults_apartment_1,
          layout_vaults_omnicross, serial_shops, nicolae_shop_waterfront
Vaults:5
Crypt:1:  minmay_guarded_unrand_sceptre_of_torment, layout_rooms,
          nicolae_crypts_crumbling_nooks
Crypt:2:  layout_basic, lemuel_upstairs_altar, uniq_josephina, uniq_boris
Crypt:3:  lightli_unholy_cathedral, layout_chaotic_city,
          tomb_entry_simple_bobbens
Depths:1: layout_twisted_cross, hellmouth_3, minmay_hedge_maze,
          rand_demon_pan_entry_7, nicolae_vehumet_radiance, uniq_sojobo,
          uniq_asterion
Depths:2: regret_index_dithmenos_penumbral_divide, layout_cave_pools,
          rand_demon_pan_entry_9, grunt_hell_entry_dis_old, serial_sigils,
          serial_sigils_hangedman_clutch, serial_sigils_hangedman_snap,
          serial_sigils_hangedman_scratch, abyss_entry, uniq_bai_suzhen
Depths:3: minmay_box_of_curves, layout_cave_shapes, enter_ziggurat_e,
          abyss_entry, serial_shops, shop, minmay_misc_feat_hallway, hell_entry,
          firewood_loft, uniq_mara
Depths:4: evilmike_zot_entry_argh, layout_long_grid, pf_hell_entry_great_geh,
          minmay_misc_feat_cross, nicolae_gozag_zags_fifth_avenue,
          infiniplex_staircase_pool_lava, serial_bayou_shore_b,
          serial_bayou_shore_b
Zot:1:    grunt_twist_and_shout, layout_concentric_octagons,
          regret_index_zotdec_bone_old
Zot:2:    layout_twisted_circle, gammafunk_ghost_abyssal_escape
Zot:3:    layout_gridlike, regret_index_zotdec_silver_v_v_orig_slice
Zot:4:    layout_misc_corridors
Zot:5:    layout_gridville

Skill      XL: |  1  2  3  4  5  6  7  8  9 10 11 12 13 14 15 16 17 18 19 20 21 22 23 24 25 26 27 |
---------------+----------------------------------------------------------------------------------+-----
Axes           | 4 5 6 8 9 10 12 13 14 15 16 17 18 19 21 22 23 24 25 26 | 26.5
Armour         | 1 3 4 5 6 7 9 10 11 12 14 15 17 18 19 20 | 20.6
Fire Magic     | 4 5 7 8 10 11 | 11.1
Fighting       | 4 5 6 8 9 11 12 13 14 15 16 17 18 19 20 21 22 23 24 25 26 | 26.2
Evocations     | 3 6 8 |  8.3
Shields        | 2 5 7 9 11 12 13 14 15 16 | 16.7
Summonings     | 4 6 8 10 11 13 14 15 | 15.6
Spellcasting   | 4 6 7 9 11 12 | 12.5
Dodging        | 1 4 6 8 9 10 | 10.7
Necromancy     | 4 8 11 13 15 16 17 | 17.0
Invocations    | 6 11 13 | 13.3
Throwing       | |  0.6
Stealth        | |  0.8

Action                     |  1- 3 |  4- 6 |  7- 9 | 10-12 | 13-15 | 16-18 | 19-21 | 22-24 | 25-27 || total
---------------------------+-------+-------+-------+-------+-------+-------+-------+-------+-------++-------
  Melee: Hand axe          |    95 |   131 |    32 |       |    16 |    21 |       |       |       ||   295
         Broad axe         |       |       |   274 |   646 |  1116 |  2307 |  1325 |  1106 |   908 ||  7682
         Headbutt          |       |       |       |       |       |       |       |       |   231 ||   231
  Throw: Dart              |     6 |    20 |    31 |    36 |     3 |     7 |       |       |       ||   103
         Throwing net      |       |       |       |       |       |       |       |     2 |       ||     2
   Cast: Scorch            |     4 |    17 |    23 |    23 |    28 |       |       |       |       ||    95
         Summon Blazeheart |       |       |       |     5 |    93 |    17 |    29 |    23 |     2 ||   169
         Summon Lightning  |       |       |       |       |       |     2 |       |       |       ||     2
         Martyr's Knell    |       |       |       |       |       |     2 |     9 |     4 |     1 ||    16
         Animate Dead      |       |       |       |       |       |       |    41 |    33 |       ||    74
         Fugue of the Fall |       |       |       |       |       |       |    31 |    33 |    34 ||    98
         Dispel Undead     |       |       |       |       |       |       |     6 |    80 |     8 ||    94
         Death Channel     |       |       |       |       |       |       |       |     7 |    39 ||    46
 Invoke: Fiery Armour      |       |     1 |       |     3 |     5 |       |       |       |       ||     9
         Foxfire Swarm     |       |       |       |       |     1 |     1 |       |       |       ||     2
         Upheaval          |       |       |       |       |       |     2 |       |     2 |       ||     4
         Elemental Force   |       |       |       |       |       |     1 |     3 |     2 |       ||     6
         Disaster Area     |       |       |       |       |       |       |       |     7 |       ||     7
  Evoke: Wand              |       |       |     8 |    62 |    13 |    40 |    28 |    17 |    15 ||   183
         Lightning rod     |       |       |       |       |     3 |    21 |    19 |     5 |       ||    48
         Phantom mirror    |       |       |       |       |       |       |     1 |     1 |       ||     2
         Tin of tremorston |       |       |       |       |       |       |     2 |     2 |       ||     4
    Use: Scroll            |     2 |     2 |     3 |     8 |    14 |     9 |    20 |     9 |    20 ||    87
         Potion            |       |     1 |       |     1 |     5 |    18 |     7 |    26 |    12 ||    70
   Stab: Paralysed         |       |       |     7 |    11 |     6 |     4 |     3 |     2 |       ||    33
         Invisible         |       |       |     1 |     1 |       |     6 |     2 |     2 |       ||    12
         Distracted        |       |       |       |       |     2 |       |    11 |    13 |     9 ||    35
         Held in net/web   |       |       |       |       |       |     1 |       |       |       ||     1
 Armour: Robe              |    49 |       |       |       |       |       |       |       |       ||    49
         Scale mail        |    13 |    92 |   359 |   428 |       |       |       |       |       ||   892
         Chain mail        |       |       |       |   319 |  1103 |  1500 |   353 |       |       ||  3275
         Plate armour      |       |       |       |       |       |       |   405 |   602 |   103 ||  1110
         Pearl dragon scal |       |       |       |       |       |       |       |   287 |       ||   287
         Gold dragon scale |       |       |       |       |       |       |       |       |   808 ||   808
  Dodge: Dodged            |    49 |    65 |   172 |   363 |   605 |  1236 |   450 |   510 |   349 ||  3799
         Repelled          |       |       |       |       |       |    12 |   143 |    92 |   152 ||   399
  Block: Kite shield       |       |       |       |       |   288 |  1895 |  1261 |  1391 |   753 ||  5588
         Tower shield      |       |       |       |       |       |       |       |       |   420 ||   420

Table legend: (Time is in decaauts)
 A = Elapsed time spent in this place.
 B = Non-inter-level travel time spent in this place.
 C = Inter-level travel time spent in this place.
 D = Time resting spent in this place.
 E = Time spent auto-exploring this place.
 F = Levels seen in this place.
 G = Mean time per level.
                   A        B        C        D        E       F      G
               +--------+--------+--------+--------+--------+-----+--------+
         Total |  82383 |  76068 |   6315 |  17134 |  29918 |  55 | 1497.9 |
       Dungeon |  22111 |  19668 |   2443 |   2807 |  12111 |  15 | 1474.1 |
        Temple |     35 |     27 |      8 |      0 |      0 |   1 |   35.0 |
          Lair |  10834 |   9868 |    966 |   3079 |   4194 |   5 | 2166.8 |
        Shoals |   9294 |   9001 |    293 |   4648 |    718 |   4 | 2323.5 |
   Spider Nest |   6631 |   6350 |    281 |   1987 |   1722 |   4 | 1657.8 |
  Orcish Mines |   3097 |   2713 |    384 |   1075 |    851 |   2 | 1548.5 |
   Elven Halls |   5866 |   5624 |    242 |   1400 |   1707 |   3 | 1955.3 |
        Vaults |   7181 |   6474 |    707 |     72 |   2954 |   5 | 1436.2 |
         Crypt |   4029 |   3668 |    361 |    672 |   1596 |   3 | 1343.0 |
        Depths |   6100 |   5738 |    362 |    698 |   1935 |   4 | 1525.0 |
           Zot |   5718 |   5455 |    263 |    652 |   1870 |   5 | 1143.6 |
         Abyss |    170 |    170 |      0 |     33 |      0 |   2 |   85.0 |
         Sewer |    360 |    360 |      0 |     10 |    131 |   1 |  360.0 |
        Wizlab |    951 |    951 |      0 |      0 |    125 |   1 |  951.0 |
               +--------+--------+--------+--------+--------+-----+--------+

Top non-repeatable levels by time:
Shoals:4: 2852 daAuts
    D:15: 2790 daAuts
Shoals:3: 2761 daAuts
  Lair:5: 2751 daAuts
    D:10: 2528 daAuts
    D:12: 2473 daAuts
Spider:4: 2336 daAuts
  Lair:2: 2272 daAuts
Shoals:2: 2252 daAuts
   Elf:1: 2234 daAuts
Depths:3: 2132 daAuts
  Lair:4: 2114 daAuts
  Lair:3: 2084 daAuts
   Elf:2: 1966 daAuts
     D:9: 1884 daAuts
